 Dungeon Crawl Stone Soup version 0.24.0-28-g17ded55e90 (webtiles) character file.

Game seed: 15894866370863946980, levelgen mode: deterministic

483 PentaManta the Sneak (level 7, -2/45 HPs)
             Began as an Octopode Assassin on Nov 13, 2019.
             Was a Follower of Uskayaw.
             Slain by an ogre
             ... wielding a +0 giant club
              (26 damage)
             ... on level 4 of the Dungeon.
             The game lasted 00:05:50 (3860 turns).

PentaManta the Sneak (Octopode Assassin)            Turns: 3860, Time: 00:05:50

Health: -2/45      AC:  1    Str: 10    XL:     7   Next: 12%
Magic:  7/7        EV: 15    Int: 13    God:    Uskayaw [*.....]
Gold:   183        SH:  7    Dex: 16    Spells: 6/6 levels left

rFire    . . .     SeeInvis .   s - +2 dagger (elec)
rCold    . . .     Gourm    .   m - +2 buckler
rNeg     . . .     Faith    .   (helmet restricted)
rPois    .         Spirit   .   (no amulet)
rElec    .         Reflect  .   (no ring)
rCorr    .         Harm     .   (no ring)
MR       .....                  (no ring)
Stlth    +++++.....             (no ring)
HPRegen  0.15/turn              (no ring)
MPRegen  0.10/turn              (no ring)
                                (no ring)
                                (no ring)

@: no status effects
A: almost no armour, stealthy swim, amphibious, 8 rings, constrict 8, camouflage
1, gelatinous body 1
a: Stomp, Renounce Religion


You were on level 4 of the Dungeon.
You worshipped Uskayaw.
Uskayaw was noncommittal.
You were not hungry.

You visited 1 branch of the dungeon, and saw 4 of its levels.

You collected 183 gold pieces.

Inventory:

Hand Weapons
 p - a +0 rapier
 s - a +2 dagger of electrocution (weapon)
 u - a +2 dagger of draining
Missiles
 b - 9 poisoned darts (quivered)
 c - 2 curare-tipped darts
Armour
 m - a +2 buckler (worn)
Wands
 a - a wand of flame (15)
Scrolls
 e - a scroll of noise {unknown}
 f - 3 scrolls of remove curse {unknown}
 h - 4 scrolls of identify {unknown}
 j - 2 scrolls of enchant weapon {unknown}
 q - a scroll of enchant armour {unknown}
 t - 2 scrolls of teleportation {unknown}
Potions
 g - 4 potions of curing {unknown}
 i - a potion of degeneration {unknown}
 k - a potion of flight {unknown}
 l - 4 potions of cancellation {unknown}
 o - a potion of heal wounds {unknown}
 r - a potion of haste {unknown}
Comestibles
 d - 7 rations
 n - a chunk of flesh


   Skills:
 - Level 2.0 Fighting
 + Level 3.7 Short Blades
 - Level 2.0 Throwing
 * Level 4.6 Dodging
 + Level 7.0 Stealth
 + Level 2.7 Shields


You had 6 spell levels left.
You didn't know any spells.
Your spell library contained the following spells:

 Spells                   Type           Power        Failure   Level  Hunger
 Corona                   Hex            #......      34%         1    ##.....
 Ensorcelled Hibernation  Hex/Ice        #.....       47%         2    ###....
 Confuse                  Hex            #.......     71%         3    ####...
 Dazzling Spray           Conj/Hex       #.....       71%         3    ####...
 Tukima's Dance           Hex            #.......     71%         3    ####...


Dungeon Overview and Level Annotations

Branches:
Dungeon (4/15)
 Temple: D:4-7

Altars:
Cheibriados
Gozag
Nemelex Xobeh
Sif Muna
Uskayaw
Wu Jian


Innate Abilities, Weirdness & Mutations

You cannot wear most types of armour.
You are very stealthy in the water. (Stealth+)
You are amphibious.
You can wear up to eight rings at the same time.
You can use your tentacles to constrict eight enemies at once.
Your skin changes colour to match your surroundings (Stealth+).
Your rubbery body absorbs attacks. (AC +1, EV +1)


Message History

The poisoned dart closely misses the ogre.
You see here a scorpion corpse.
Throwing (i - inventory. (/) - cycle)
b - 11 poisoned darts (quivered)
Press: ? - help, Shift-Dir - straight line, f/p - ogre
Aim: an ogre, wielding a +0 giant club (heavily wounded, poisoned)
You throw a poisoned dart. The poisoned dart hits the ogre.
The ogre looks even sicker.
The ogre is heavily wounded.
The ogre misses you.
You see here a poisoned dart.
You see here a scorpion corpse.
Throwing (i - inventory. (/) - cycle)
b - 10 poisoned darts (quivered)
Press: ? - help, Shift-Dir - straight line, f/p - ogre
Aim: an ogre, wielding a +0 giant club (severely wounded, poisoned)
You throw a poisoned dart.
The poisoned dart barely misses the ogre.
The ogre looks more healthy.
The ogre hits you with a +0 giant club!!
Ouch! That really hurt!
You die...

###(...Z......
#####.(..........#
#...%........<.#..
#<###.##......####
##.# #.##......#
###..###.##.#..#.#
#.....##.......#.#
#.....#####......#
#...@.# #.....##
#.#O#.# #.....#
#.#(#.# #...$.#
#.#.#.# #..$..#
##.....## #######
#.......#
#.##.##.## #####
#. #.....# #.... #
####..# #.###


You could see an ogre.

Vanquished Creatures
  A black bear (D:3)
  A big kobold (D:3)
  A scorpion (D:4)
  A howler monkey (D:4)
  Terence (D:3)
  Jessica (D:3)
  2 worker ants
  7 adders
  An ooze (D:3)
  5 dart slugs
  3 leopard geckos
  2 orcs (D:3)
  3 giant cockroaches
  5 goblins
  7 hobgoblins
  4 jackals (D:2)
  5 bats
  2 frilled lizards (D:1)
  13 kobolds
  6 rats
71 creatures vanquished.

Notes
Turn   | Place    | Note
-------+----------+-------------------------------------------
     0 | D:1      | PentaManta the Octopode Assassin began the quest for the
                  | Orb.
     0 | D:1      | Reached XP level 1. HP: 14/14 MP: 1/1
   338 | D:1      | Reached XP level 2. HP: 19/19 MP: 2/2
  1001 | D:2      | Found a faded altar of an unknown god.
  1346 | D:2      | Reached XP level 3. HP: 21/24 MP: 3/3
  1689 | D:2      | Reached XP level 4. HP: 19/29 MP: 4/4
  2003 | D:2      | Reached skill level 6 in Stealth
  2342 | D:2      | Reached skill level 1 in Shields
  2721 | D:3      | Noticed Jessica
  2727 | D:3      | Killed Jessica
  2736 | D:3      | Reached XP level 5. HP: 32/34 MP: 5/5
  2772 | D:3      | Found a snail-covered altar of Cheibriados.
  2805 | D:3      | Noticed a black bear
  2813 | D:3      | Killed a black bear
  2822 | D:3      | Reached XP level 6. HP: 23/39 MP: 6/6
  3049 | D:3      | Found an opulent altar of Gozag.
  3099 | D:3      | Noticed Terence
  3116 | D:3      | Killed Terence
  3392 | D:3      | Found a sparkling altar of Nemelex Xobeh.
  3406 | D:3      | Found a hide-covered altar of Uskayaw.
  3413 | D:3      | Found a shimmering blue altar of Sif Muna.
  3428 | D:3      | Became a worshipper of Uskayaw the Reveler
  3452 | D:3      | Found an ornate altar of the Wu Jian Council.
  3511 | D:3      | Reached * piety under Uskayaw
  3513 | D:3      | Reached ** piety under Uskayaw
  3755 | D:4      | Reached XP level 7. HP: 45/45 MP: 7/7
  3793 | D:4      | Reached skill level 7 in Stealth
  3799 | D:4      | Reached *** piety under Uskayaw
  3860 | D:4      | Slain by an ogre

Levels and vault maps discovered:
D:1:      dpeg_arrival_rooms_a, layout_loops_corners, serial_glass,
          glass_columns_b, glass_columns_a, minivault_24
D:2:      layout_basic, chequers_ecumenical_altar_simple
D:3:      cheibrodos_thug_alley, layout_basic, grunt_gozag_statues,
          kennysheep_slug_shrine, nicolae_overflow_quartered_altars,
          uniq_terence, uniq_jessica
D:4:      layout_loops_cross, nicolae_overflow_hidden_temple

Skill      XL: |  1  2  3  4  5  6  7 |
---------------+----------------------+-----
Dodging        | 2 3 4 |  4.6
Stealth        | 6 7 |  7.0
Shields        | 1 2 |  2.7
Short Blades   | 3 |  3.7
Fighting       | |  2.0
Throwing       | |  2.0

Action                   |  1- 3 |  4- 6 |  7- 9 || total
-------------------------+-------+-------+-------++-------
Melee: Dagger            |    46 |    86 |     6 ||   138
       Constrict         |     9 |    22 |     1 ||    32
       Tentacles         |     5 |    18 |       ||    23
Throw: Dart              |       |     3 |     6 ||     9
 Stab: Sleeping          |    11 |     4 |       ||    15
       Distracted        |       |     1 |       ||     1
  Eat: Chunk             |     2 |     3 |     1 ||     6
       Ration            |       |     1 |       ||     1
Armor: Skin              |       |     4 |       ||     4
Dodge: Dodged            |    17 |    23 |     5 ||    45
Block: Buckler           |     7 |    21 |     3 ||    31
